 Dungeon Crawl Stone Soup version 0.30-a0-845-g7c6808c8ce (webtiles) character file.

Game seed: 2045582487828802862

446 bjtr the Digger (level 7, -2/40 HPs)
             Began as a Gargoyle Earth Elementalist on Mar 2, 2023.
             Killed from afar by Pikel (14 damage)
             ... with a bolt of acid
             ... on level 4 of the Dungeon on Mar 3, 2023.
             The game lasted 00:21:45 (4422 turns).

bjtr the Digger (Gargoyle Earth Elementalist)       Turns: 4422, Time: 00:21:45

Health: -2/40      AC:  9    Str: 12    XL:     7   Next: 3%
Magic:  0/12       EV: 11    Int: 17    God:
Gold:   211        SH:  0    Dex: 10    Spells: 2/12 levels left

rFire   . . .      SeeInvis .    v - +1 dagger (venom)
rCold   . . .      Faith    .    (no shield)
rNeg    + . .      Spirit   .    l - +0 leather armour
rPois   ∞          Reflect  .    d - +1 helmet
rElec   +          Rampage  .    r - +0 cloak
rCorr   .                        (no gloves)
Will    .....                    g - +1 pair of boots
Stlth   ++                       (no amulet)
HPRegen 0.26/turn                (no ring)
MPRegen 0.13/turn                (no ring)

@: corroded, very slightly contaminated
A: sickness immunity, AC +4, negative energy resistance 1, electricity
resistance, torment resistance 1, petrification resistance
a: no special abilities


You were on level 4 of the Dungeon.
You visited 1 branch of the dungeon, and saw 4 of its levels.

You collected 211 gold pieces.

Inventory:

Hand Weapons
 f - a +0 heavy long sword
 i - a +0 short sword
 j - a +0 sling
 m - a +0 spear
 q - a +3 quarterstaff of chaos
 v - a +1 dagger of venom (weapon)
Missiles
 c - 40 stones
 e - 4 poisoned darts (quivered)
 s - 5 boomerangs
Armour
 a - a +0 robe
 d - a +1 helmet (worn)
 g - a +1 pair of boots (worn)
 h - an orb of guile
 l - a +0 leather armour (worn)
 r - a +0 cloak (worn)
Scrolls
 k - a scroll of brand weapon
 n - a scroll of identify
 p - a scroll of fog
 u - a scroll of enchant weapon
 w - a scroll of silence
Potions
 b - a potion of flight
 o - a potion of mutation


   Skills:
 * Level 2.5 Fighting
 + Level 2.4 Armour
 - Level 1.5 Dodging
 - Level 2.1 Stealth
 + Level 3.4 Spellcasting
 + Level 0.2 Conjurations
 - Level 0.7 Transmutations
 * Level 7.1 Earth Magic


You had 2 spell levels left.
You knew the following spells:

 Your Spells              Type           Power      Damage    Failure   Level
a - Sandblast             Erth           54%        2d13      1%          1
b - Passwall              Tmut/Erth      13%        N/A       6%          2
c - Stone Arrow           Conj/Erth      30%        3d8       14%         3
d - Petrify               Tmut/Erth      16%        N/A       38%         4

Your spell library contained the following spells:

 Spells                   Type           Power      Damage    Failure   Level
 Ensorcelled Hibernation  Hex/Ice        4%         N/A       32%         2
 Spider Form              Tmut/Pois      4%         N/A       50%         3
 Anguish                  Hex/Necr       1%         N/A       91%         4


Dungeon Overview and Level Annotations

Branches:
Dungeon (4/15)
 Temple: D:4-7

Altars:

Annotations:
D:3 2 transporters, tarna41's ghost, amateur DsCK
D:4 Pikel


Innate Abilities, Weirdness & Mutations

You are immune to sickness and miasma.
Your stone body is resilient. (AC +4)
You are immune to poison.
You resist negative energy. (rN+)
You are resistant to electric shocks. (rElec)
You are resistant to unholy torment.
You are immune to petrification.


Message History

Unknown command.
Casting: Stone Arrow (dangerous; 14% risk of failure)
Confirm with . or Enter, or press ? or * to list all spells.
Aiming: Sandblast (safe; 1% risk of failure)
Press: ? - help, Shift-Dir - straight line, f/p - Pikel
Aim: Pikel, wielding a +0 whip of electrocution, wearing a +0 robe and carrying a wand of acid (10) (79% to hit)
The blast of sand misses Pikel.
Pikel zaps a wand.
The bolt of acid hits you. The lemure hits you but does no damage.
Pikel hits you with a +0 whip of electrocution.
The lemure hits you.
Casting: Sandblast (safe; 1% risk of failure)
Confirm with . or Enter, or press ? or * to list all spells.
Aiming: Sandblast (safe; 1% risk of failure)
Press: ? - help, Shift-Dir - straight line, f/p - Pikel
Aim: Pikel, wielding a +0 whip of electrocution, wearing a +0 robe and carrying a wand of acid (9) (79% to hit)
The blast of sand misses Pikel.
Pikel hits you with a +0 whip of electrocution.
The lemure closely misses you.
You hit Pikel but do no damage. Pikel barely misses you. The lemure hits you!
You hit Pikel but do no damage.
Pikel is poisoned.
Pikel hits you with a +0 whip of electrocution.
The lemure hits you but does no damage. Pikel attacks as you move away!
Pikel barely misses you.
Casting: Sandblast (safe; 1% risk of failure)
Confirm with . or Enter, or press ? or * to list all spells.
Aiming: Sandblast (safe; 1% risk of failure)
Press: ? - help, Shift-Dir - straight line, f/p - Pikel
Aim: Pikel, wielding a +0 whip of electrocution, wearing a +0 robe and carrying a wand of acid (9) (lightly wounded, very poisoned, 79% to hit)
The blast of sand hits Pikel!
Pikel is moderately wounded.
Pikel hits you with a +0 whip of electrocution.
* * * LOW HITPOINT WARNING * * *
The lemure closely misses you.
It was a potion of curing.
You feel better.
Pikel zaps a wand.
The bolt of acid hits you!
* * * LOW HITPOINT WARNING * * *
The acid corrodes you! The lemure hits you but does no damage.
Okay, then.
Pikel zaps a wand.
The bolt of acid hits you!
You die...

.. ..... ^...... ..
#.#.. #.#.## .##
#.#.# #....# ..
#...## #... #.# #....
#.## ####.####.#.###
+ # ..#
#..#...5..#)..# #
$...#......K....#.#.#
.####
..........###@......#
....... ........#.#
#..#.#.## .......
.....##.†.####...# .
....... #.....###..
..##.# ####...
#.#...# #.# #.##.##
#...
#....####.###.....###
#...
###...5.#.5.........#
#...
#####5###...#...#.#
#... #.K.........#.#
#...


You could see Pikel (poisoned) and a lemure.

Vanquished Creatures
  Sigmund (D:2)
  A hound (D:3)
  Crazy Yiuf (D:2)
  Natasha (thrice) (D:3)
  Robin (D:2)
  8 adders
  A worm (D:2)
  3 dart slugs (D:2)
  3 orcs (D:4)
  4 endoplasms
  4 giant cockroaches
  12 goblins
  6 hobgoblins
  2 quokkas
  7 ball pythons
  5 bats
  2 frilled lizards
  7 kobolds
  6 rats
77 creatures vanquished.

Vanquished Creatures (others)
  A goblin (D:2)
1 creature vanquished.

Grand Total: 78 creatures vanquished

Notes
Turn   | Place    | Note
-------+----------+-------------------------------------------
     0 | D:1      | bjtr the Gargoyle Earth Elementalist began the quest for
                  | the Orb.
     0 | D:1      | Reached XP level 1. HP: 10/10 MP: 3/3
   296 | D:1      | Reached skill level 4 in Earth Magic
   360 | D:1      | Reached XP level 2. HP: 15/15 MP: 1/5
   366 | D:1      | Learned a level 2 spell: Passwall
   937 | D:2      | Found a runed translucent door.
   982 | D:2      | Reached XP level 3. HP: 20/20 MP: 3/6
  1104 | D:2      | Reached skill level 1 in Fighting
  1231 | D:2      | Reached skill level 5 in Earth Magic
  1408 | D:2      | Noticed Sigmund
  1420 | D:2      | Learned a level 3 spell: Stone Arrow
  1525 | D:2      | Noticed Crazy Yiuf
  1587 | D:2      | Noticed Robin
  1598 | D:2      | Reached XP level 4. HP: 22/25 MP: 3/7
  1667 | D:2      | Killed Robin
  2164 | D:2      | HP: 1/25 [something/puff of flame (10)]
  2280 | D:3      | Reached skill level 1 in Armour
  2280 | D:3      | Reached XP level 5. HP: 28/29 MP: 5/9
  2513 | D:3      | Noticed Natasha
  2519 | D:3      | Killed Natasha
  2665 | D:3      | Noticed tarna41's ghost (amateur DsCK)
  2666 | D:3      | Found a transporter.
  2668 | D:3      | Identified the +10 dire flail of Moawoul {protect, Fly
                  | Will- Str+2 Int+6}
  2668 | D:3      | Noticed an ogre
  2687 | D:3      | Found a transporter.
  2692 | D:3      | Noticed an ogre
  2769 | D:3      | Noticed Natasha
  2779 | D:3      | Killed Natasha
  2780 | D:3      | Reached skill level 6 in Earth Magic
  3485 | D:3      | Noticed Natasha
  3491 | D:3      | Killed Natasha
  3520 | D:3      | Learned a level 4 spell: Petrify
  3726 | D:2      | Killed Sigmund
  3727 | D:2      | Reached XP level 6. HP: 12/36 MP: 0/11
  3951 | D:2      | Killed Crazy Yiuf
  4244 | D:4      | Reached skill level 7 in Earth Magic
  4250 | D:4      | Upgraded the game from 0.30-a0-840-ga523dec638 to
                  | 0.30-a0-845-g7c6808c8ce
  4336 | D:4      | Reached XP level 7. HP: 40/40 MP: 10/12
  4381 | D:4      | Noticed Pikel
  4422 | D:4      | Killed from afar by Pikel

Illustrated notes

Levels and vault maps discovered:
D:1:      saegor_arrival_simple_b, layout_loops_ring
D:2:      layout_basic, uniq_robin, uniq_crazy_yiuf_cottage, uniq_sigmund
D:3:      layout_basic, gammafunk_ghost_smash, uniq_natasha
D:4:      layout_basic, temple_fountains, kennysheep_generic_room_5, uniq_ijyb,
          uniq_blork_the_orc, uniq_pikel

Skill      XL: |  1  2  3  4  5  6 |
---------------+-------------------+-----
Earth Magic    | 4 5 6 7 |  7.1
Fighting       | 1 2 |  2.5
Armour         | 1 2 |  2.4
Spellcasting   | 3 |  3.4
Dodging        | |  1.5
Stealth        | |  2.1
Conjurations   | |  0.2
Transmutations | |  0.7

Action                     |  1- 3 |  4- 6 |  7- 9 || total
---------------------------+-------+-------+-------++-------
  Melee: Long sword        |     4 |     3 |       ||     7
         Dagger            |       |    24 |     2 ||    26
         Punch             |       |     1 |       ||     1
  Throw: Dart              |       |     5 |       ||     5
   Cast: Sandblast         |    40 |    58 |     7 ||   105
         Stone Arrow       |       |     5 |       ||     5
         Passwall          |       |       |     3 ||     3
    Use: Scroll            |       |    10 |       ||    10
         Potion            |       |     4 |     1 ||     5
   Stab: Sleeping          |       |     1 |       ||     1
 Armour: Leather armour    |     4 |    36 |     9 ||    49
  Dodge: Dodged            |    12 |    37 |    16 ||    65

Table legend: (Time is in decaauts)
 A = Elapsed time spent in this place.
 B = Non-inter-level travel time spent in this place.
 C = Inter-level travel time spent in this place.
 D = Time resting spent in this place.
 E = Time spent auto-exploring this place.
 F = Levels seen in this place.
 G = Mean time per level.
                   A        B        C        D        E       F      G
               +--------+--------+--------+--------+--------+-----+--------+
         Total |   4482 |   3783 |    699 |    299 |   2683 |   4 | 1120.5 |
       Dungeon |   4482 |   3783 |    699 |    299 |   2683 |   4 | 1120.5 |
               +--------+--------+--------+--------+--------+-----+--------+

Top non-repeatable levels by time:
     D:2: 1741 daAuts
     D:3: 1367 daAuts
     D:1: 1045 daAuts
     D:4: 329 daAuts
